Map: Hielo y cromo EE

Players

BigPoocky

  • Race: Terran Terran
  • League: Silver
  • Spawn Location: 7:00

MrFercho - Winner!

  • Race: Zerg Zerg
  • League: Silver
  • Spawn Location: 1:00

VOD

Have the link to the VOD?

Description

Time

  • Played on: July 11, 2020, 5:19 p.m.
  • Length: 17:22
Show
View Real Time Build Order
Export as new Build Order

BigPoocky Terran 

Build Orders: Mech 

Get SALT Encoding   

  12  0:01  SCV  
  13  0:12  Refinery  
  13  0:15  SCV  
  14  0:25  Supply Depot  
  14  0:28  SCV  
  15  0:47  SCV  
  15  0:48  Barracks  
  16  0:59  SCV  
  16  1:01  Refinery  
  17  1:11  SCV  
  18  1:19  Supply Depot  
  18  1:23  SCV  
  19  1:35  SCV  
  19  1:38  Factory  
  20  1:43  Barracks Reactor  
  20  1:48  SCV  
  20  1:52  Supply Depot  
  21  2:00  SCV  
  22  2:12  Barracks, SCV  
  23  2:19  Supply Depot  
  23  2:23  Factory Reactor  
  23  2:24  SCV  
  23  2:28  Reaper  
  25  2:30  Reaper  
  26  2:40  Orbital Command  
  26  3:00  Hellion, Reaper  
  26  3:02  Hellion, Reaper  
  32  3:06  Barracks Reactor  
  32  3:19  Starport  
  32  3:42  Command Center  
  30  4:43  SCV  
  31  4:53  Starport Tech Lab  
  31  4:55  SCV  
  31  4:57  SCV  
  33  5:00  Factory  
  33  5:01  Refinery  
  33  5:07  SCV  
  33  5:09  SCV  
  35  5:14  Factory  
  35  5:15  Factory Tech Lab  
  35  5:19  SCV  
  36  5:21  SCV  
  36  5:23  Factory  
  37  5:30  Supply Depot  
  37  5:31  SCV  
  37  5:34  SCV  
  39  5:38  Siege Tank  
  39  5:40  Banshee  
  39  5:41  Cloaking Field  
  45  5:43  SCV  
  45  5:44  Factory Tech Lab  
  45  5:46  SCV  
  45  5:47  Supply Depot  
  47  5:53  Supply Depot  
  47  5:55  SCV, Refinery  
  48  5:58  SCV  
  49  6:08  Factory Tech Lab, SCV  
  49  6:10  Barracks, Siege Tank, SCV  
  54  6:20  SCV  
  54  6:22  SCV  
  54  6:23  Engineering Bay  
  56  6:32  SCV  
  57  6:34  SCV  
  57  6:37  Factory Tech Lab  
  58  6:40  Supply Depot  
  58  6:44  SCV  
  58  6:45  Command Center  
  59  6:49  Siege Tank  
  59  6:51  Siege Tank  
  59  6:54  SCV  
  66  7:05  Banshee  
  66  7:06  SCV  
  70  7:09  Missile Turret  
  70  7:18  SCV  
  71  7:31  Missile Turret  
  59  7:56  Supply Depot  
  59  8:03  Refinery  
  59  8:05  Siege Tank x2  
  65  8:07  Siege Tank x2  
  71  8:36  Barracks Tech Lab  
  71  8:37  Starport  
  71  8:38  Starport  
  71  9:01  Viking  
  73  9:03  SCV  
  73  9:08  Cyclone x2  
  80  9:15  SCV  
  81  9:18  Supply Depot  
  81  9:27  SCV  
  81  9:29  Ghost Academy  
  81  9:30  Starport Tech Lab  
  82  9:31  Starport Tech Lab  
  82  9:34  Starport  
  82  9:36  Starport  
  82  9:39  Armory  
  82  9:40  SCV  
  82  9:41  Supply Depot  
  82  9:43  Armory  
  83  9:52  SCV  
  84  9:58  Sensor Tower  
  84  10:04  SCV, Refinery  
  84  10:06  SCV  
  86  10:13  Sensor Tower  
  86  10:16  SCV  
  86  10:18  SCV  
  88  10:27  Sensor Tower  
  88  10:28  SCV  
  88  10:30  SCV  
  90  10:39  Terran Vehicle And Ship Armor Level 1  
  90  10:40  SCV  
  90  10:41  Terran Ship Weapons Level 1  
  90  10:42  SCV  
  92  10:46  Armory  
  92  10:47  Starport Tech Lab  
  92  10:48  Starport Tech Lab  
  92  10:49  Command Center  
  92  10:52  SCV  
  92  10:54  SCV  
  94  11:05  SCV  
  94  11:08  Command Center, Fusion Core  
  95  11:17  SCV  
  96  11:48  Refinery, SCV  
  98  11:54  SCV  
  98  12:00  SCV  
  99  12:02  Refinery  
  99  12:03  SCV  
  99  12:06  SCV  
  101  12:12  SCV  
  102  12:18  SCV  
  102  12:24  SCV  
  103  12:30  SCV  
  103  12:31  Battlecruiser x2  
  103  12:32  Battlecruiser x2  
  103  12:33  Battlecruiser  
  103  12:36  SCV  
  135  12:42  SCV  
  136  12:54  SCV  
  137  13:02  Siege Tank x2  
  143  13:06  SCV  
  143  13:07  Weapon Refit  
  143  13:09  Terran Vehicle And Ship Armor Level 2, Terran Ship Weapons Level 2  
  143  13:12  Terran Vehicle Weapons Level 1  
  144  13:25  Marine x4  
  144  13:26  Marine  
  149  13:31  Supply Depot  
  149  13:32  Supply Depot  
  149  13:35  Battlecruiser  
  149  13:39  Orbital Command  
  155  13:52  Marine x5  
  155  13:54  Battlecruiser  
  152  14:10  Marine x5  
  136  14:24  SCV  
  136  14:26  Refinery  
  136  14:28  Marine x4  
  141  14:36  SCV  
  141  14:37  SCV  
  143  14:47  Battlecruiser x3  
  143  14:48  Battlecruiser, SCV  
  143  14:49  Command Center  
  168  15:02  SCV  
  169  15:07  SCV  
  170  15:14  SCV  
  171  15:22  Supply Depot  
  171  15:23  Supply Depot  
  171  15:36  Refinery  
  171  15:38  Refinery  
  171  15:44  SCV x2  
  173  15:56  SCV x2  
  143  16:01  Refinery  
  134  16:08  SCV x2  
  134  16:12  Battlecruiser x4  
  134  16:17  Marine x5  
  163  16:20  SCV  
  164  16:34  Marine  
  164  16:35  Marine x4  
  164  16:36  Refinery  
  169  16:40  SCV  
  171  16:47  SCV  
  171  16:52  Marine x2  
  171  16:53  Marine x3, SCV  
  177  16:59  SCV  
  178  17:05  SCV  
Show
View Real Time Build Order
Export as new Build Order

MrFercho Zerg - Winner!

Build Orders: Hatch First 

Get SALT Encoding   

  12  0:02  Drone  
  13  0:13  Overlord  
  13  0:17  Drone  
  14  0:31  Drone x2  
  16  0:51  Hatchery  
  16  0:53  Drone  
  16  0:55  Drone  
  17  0:59  Drone  
  18  1:10  Extractor  
  17  1:17  Spawning Pool  
  16  1:19  Drone  
  16  1:21  Drone  
  18  1:29  Drone  
  19  1:40  Overlord  
  19  1:50  Drone  
  20  2:05  Queen x2  
  20  2:06  Drone x2  
  26  2:16  Drone  
  26  2:17  Drone  
  26  2:18  Metabolic Boost  
  28  2:24  Drone  
  28  2:25  Drone  
  30  2:36  Zergling x2  
  31  2:43  Zergling x2  
  32  2:51  Drone  
  32  2:52  Drone  
  32  2:56  Drone  
  32  2:57  Drone  
  36  3:25  Overlord  
  36  3:26  Overlord  
  36  3:44  Evolution Chamber  
  35  3:50  Baneling Nest  
  35  3:54  Overlord  
  35  3:55  Drone x7  
  41  3:57  Drone x2  
  41  3:59  Queen  
  45  4:08  Zergling x8  
  45  4:20  Spore Crawler  
  45  4:23  Spine Crawler  
  32  4:36  Zergling x14  
  37  4:53  Zerg Melee Weapons Level 1  
  37  5:02  Drone x5  
  42  5:07  Baneling x3  
  42  5:11  Lair  
  42  5:18  Hatchery, Drone  
  42  5:21  Drone x2  
  44  5:24  Extractor  
  44  5:27  Extractor  
  42  5:32  Drone  
  42  5:33  Drone  
  44  5:53  Drone x7  
  51  5:59  Queen  
  51  6:02  Zergling x4  
  55  6:07  Hatchery  
  55  6:11  Baneling x2  
  54  6:13  Zergling x10  
  59  6:47  Overseer  
  59  7:06  Evolution Chamber  
  59  7:08  Zergling x10  
  63  7:09  Overlord x3  
  63  7:10  Overlord  
  63  7:13  Drone x3  
  66  7:17  Zerg Ground Armor Level 1  
  66  7:18  Centrifical Hooks  
  66  7:25  Hydralisk Den  
  66  7:29  Extractor  
  62  7:52  Overseer  
  62  7:58  Spore Crawler  
  61  8:03  Zerg Melee Weapons Level 2  
  61  8:07  Drone x4  
  61  8:08  Drone x14  
  83  8:18  Muscular Augments  
  79  8:24  Spore Crawler, Infestation Pit  
  77  8:30  Spore Crawler  
  76  8:39  Spore Crawler  
  76  8:40  Spine Crawler  
  74  8:45  Extractor, Drone  
  74  8:46  Extractor, Drone x5  
  74  8:47  Drone x2  
  80  9:11  Baneling x3  
  80  9:12  Baneling x4  
  80  9:14  Pneumatized Carapace  
  80  9:16  Overseer, Zerg Ground Armor Level 2  
  80  9:30  Grooved Spines  
  80  9:47  Hydralisk  
  80  9:48  Hydralisk x7  
  80  9:52  Overlord x2  
  95  9:53  Overlord x2  
  95  9:54  Overlord x6  
  95  10:25  Hive  
  95  10:45  Hatchery  
  95  10:46  Drone x15  
  109  10:55  Hydralisk x5  
  109  10:56  Hydralisk  
  121  11:12  Hatchery, Drone x2  
  121  11:13  Hatchery  
  121  11:35  Extractor  
  121  11:37  Extractor  
  119  11:42  Overseer  
  119  11:48  Hydralisk x16  
  119  11:49  Hydralisk x2  
  119  11:52  Overlord x2  
  155  12:30  Hydralisk  
  155  12:31  Hydralisk x15  
  155  12:36  Zerg Missile Weapons Level 1  
  187  12:43  Adrenal Glands  
  187  12:53  Spire  
  186  13:27  Drone  
  186  13:28  Drone x6  
  186  13:29  Drone x4  
  186  13:30  Drone  
  98  14:23  Zergling x36  
  98  14:24  Zergling x42  
  114  14:31  Corruptor x4  
  133  15:01  Corruptor x14  
  133  15:02  Corruptor x7  
  175  15:10  Hatchery  
  175  15:11  Extractor  
  175  15:13  Extractor  
  172  15:14  Greater Spire  
  172  15:20  Lurker Den  
  171  15:40  Hydralisk x2  
  171  15:41  Hydralisk x9  
  193  15:43  Hatchery  
  153  16:13  Hydralisk x15  
  153  16:15  Zergling x20  
Tags
 
Composition
Mech
Matchup
TvZ
Replay Pack
MrFercho
Spawn Locations
Cross Positions
Add a new tag
Caveats
  • Supply blocks, unpowered buildings, or Contaminate may cause inaccurate times.
  • Supply counts are checked every 10 seconds.